Panthers vs Kings
Created - December 23, 2022 at 19:54
Goals
|
Panthers |
1 |
2 |
1 |
4 |
Kings |
0 |
1 |
5 |
6 |
|
Shots
|
Panthers |
14 |
10 |
7 |
31 |
Kings |
8 |
12 |
18 |
38 |
|
1st period
1. Panthers , Kyle Okposo 5 (Chris Bourque 7, Miro Aaltonen 7) at 18:36
Penalties :
Darnell Nurse (L.A) for High sticking (Minor) at 8:39
2nd period
2. Kings , Mitch Marner 3 (Nick Ritchie 4, Erik Haula 7) at 5:27
3. Panthers , Cameron Gaunce 1 (Chris Bourque 8, Miro Aaltonen 8) at 16:17
4. Panthers , Anze Kopitar 8 (Kris Versteeg 6, Erik Gudbranson 8) at 16:35
Penalties :
Anze Kopitar (Flo) for High sticking (Minor) at 6:52, Cameron Gaunce (Flo) for Hooking (Minor) at 13:18
3rd period
5. Kings , Benoit Pouliot 1 (Ilya Kovalchuk 5) at 7:37
6. Kings , Ilya Kovalchuk 7 (Auston Matthews 6, Will Butcher 4) at 9:25
7. Panthers , Alex Goligoski 1 (Kris Versteeg 7, Anze Kopitar 7) at 14:13 (PP)
8. Kings , Reilly Smith 5 (Nick Ritchie 5, Nino Niederreiter 10) at 15:05 (PP)
9. Kings , Mitch Marner 4 (Erik Haula 8, Nick Ritchie 6) at 17:11
10. Kings , Ilya Kovalchuk 8 (Benoit Pouliot 6, Will Butcher 5) at 18:34
Penalties :
Ilya Kovalchuk (L.A) for High sticking (Minor) at 2:11, Alexander Semin (Flo) for Holding Stick (Minor) at 5:03, Miro Aaltonen (Flo) for Hooking (Minor) at 11:45, Nick Ritchie (L.A) for Hooking (Minor) at 12:28, Erik Gudbranson (Flo) for Interference (Minor) at 14:37
Goalie Stats
Jonathan Quick (Flo), 32 saves from 38 shots - (0.842), L, 7-6-1, 60:00 minutes
Petr Mrazek (L.A), 27 saves from 31 shots - (0.871), W, 8-7-0, 60:00 minutes
Players Stats for Panthers
Player Name G A P +/- PIM S H SB GA TA FO MP PP MP PK MP
------------------------------------------------------------------------------------
Alex Goligoski 1 0 1 0 0 1 2 1 1 0 0/0 28:45 3:08 3:08
Alex Iafallo 0 0 0 0 0 1 1 0 0 0 0/0 8:13 0:00 1:19
Alexander Semin 0 0 0 -3 2 1 1 1 0 0 0/0 18:00 0:00 1:07
Anze Kopitar 1 1 2 -3 2 2 2 0 0 0 14/37 23:48 2:35 2:51
Beau Bennett 0 0 0 0 0 3 3 0 0 0 0/0 9:25 0:00 0:00
Cameron Gaunce 1 0 1 -3 2 2 2 0 0 1 0/0 16:40 1:19 0:00
Chris Bourque 0 2 2 1 0 2 1 1 2 2 0/0 15:29 1:52 0:00
Dalton Prout 0 0 0 -3 0 2 0 1 0 1 0/0 18:46 1:19 2:40
Elias Lindholm 0 0 0 0 0 0 0 0 0 0 2/2 8:58 0:00 1:27
Erik Gudbranson 0 1 1 0 2 2 1 0 1 1 0/0 30:33 3:08 4:00
Griffin Reinhart 0 0 0 1 0 1 0 1 0 1 0/0 10:12 0:00 0:00
Kris Versteeg 0 2 2 -3 0 3 2 0 0 2 0/1 24:47 2:35 3:49
Kyle Okposo 1 0 1 1 0 4 1 1 2 0 1/1 16:47 1:52 1:33
Marek Svatos 0 0 0 0 0 1 0 0 1 0 0/0 6:52 0:00 0:00
Miro Aaltonen 0 2 2 1 2 3 2 0 0 0 6/14 15:40 2:05 0:20
Niklas Hansson 0 0 0 1 0 1 0 0 0 0 0/0 15:08 0:00 4:28
Quinton Howden 0 0 0 0 0 1 0 0 0 0 3/3 9:09 0:00 0:00
Timo Meier 0 0 0 0 0 1 1 0 1 0 2/2 14:19 2:22 1:50
Players Stats for Kings
Player Name G A P +/- PIM S H SB GA TA FO MP PP MP PK MP
------------------------------------------------------------------------------------
Aaron Ekblad 0 0 0 1 0 0 1 2 0 1 0/0 13:22 0:00 3:14
Alexander Kerfoot 0 0 0 -1 0 1 0 0 1 0 12/20 16:38 3:49 0:00
Auston Matthews 0 1 1 3 0 1 1 1 0 1 4/9 17:30 3:49 0:47
Benoit Pouliot 1 1 2 3 0 3 0 0 0 0 1/1 13:38 0:00 0:53
Darnell Nurse 0 0 0 -1 2 0 2 1 0 0 0/0 25:04 4:19 1:31
Erik Haula 0 2 2 1 0 4 1 0 0 1 9/20 19:52 3:19 2:34
Ilya Kovalchuk 2 1 3 3 2 6 2 0 0 0 2/2 14:46 0:00 1:32
Jason Pominville 0 0 0 -1 0 1 1 0 0 0 0/1 8:48 0:00 0:45
Jeff Schultz 0 0 0 -1 0 0 0 1 2 1 0/0 23:28 2:49 1:34
Jeremy Morin 0 0 0 -1 0 1 0 0 1 0 1/1 8:49 0:00 1:16
JT Compher 0 0 0 -1 0 0 1 0 0 0 0/0 7:45 0:00 0:00
Mitch Marner 2 0 2 1 0 6 2 0 1 0 0/0 17:22 3:49 0:00
Morgan Rielly 0 0 0 1 0 2 1 0 0 1 0/0 10:13 0:00 0:29
Nick Ritchie 0 3 3 1 2 2 2 1 1 1 0/2 16:59 3:18 0:00
Nino Niederreiter 0 1 1 -1 0 4 1 0 0 0 1/1 19:25 4:19 0:56
Ole-Kristian Tollefsen 0 0 0 2 0 0 1 1 0 0 0/0 19:56 0:00 1:13
Reilly Smith 1 0 1 -1 0 4 2 0 0 1 2/3 17:25 3:19 0:11
Will Butcher 0 2 2 2 0 3 2 1 2 1 0/0 23:14 2:49 0:53
3 Stars
1 - Ilya Kovalchuk (L.A)
2 - Mitch Marner (L.A)
3 - Benoit Pouliot (L.A)
Power Play
Panthers - 1 on 3 Attempt(s) - 33.33%
Kings - 1 on 5 Attempt(s) - 20.00%
Penalty Kill
Panthers - 4 on 5 Attempt(s) - 80.00%
- Score 0 goal in Penalty Kill
Kings - 2 on 3 Attempt(s) - 66.67%
- Score 0 goal in Penalty Kill
Team Stat
Panthers - Hits : 19 - Faceoff Wins : 28 - Blocked Shots : 6 - Penalty Minutes : 10
Kings - Hits : 20 - Faceoff Wins : 32 - Blocked Shots : 8 - Penalty Minutes : 6
Official
Referees : Francis Charron and Kelly Sutherland
Linesman : Steve Barton and Mark Shewchyk
Game Notes
No Game Note
Finance
Level 1 -- Attendance: 5546 (92.43%) -- Ticket Income $554,600
Level 2 -- Attendance: 4681 (93.62%) -- Ticket Income $280,860
Level 3 -- Attendance: 1988 (99.40%) -- Ticket Income $69,580
Level 4 -- Attendance: 3870 (96.75%) -- Ticket Income $96,750
Luxury Box -- Attendance: 886 (88.60%) -- Ticket Income $177,200
Game was played at the Staples Center.
Total Attendance: 16971 (94.28%)
Total Ticket Income: $1,178,990
Other Income: $176,848
Total Income: $1,355,838
Panthers
5 vs 5 Forward
Center Left Wing Right Wing Time % Phy DF OF
1 Anze Kopitar Alexander Semin Kris Versteeg 40 1 2 2
2 Miro Aaltonen Chris Bourque Kyle Okposo 30 1 2 2
3 Quinton Howden Timo Meier Beau Bennett 20 1 2 2
4 Elias Lindholm Alex Iafallo Marek Svatos 10 1 2 2
5 vs 5 Defense
Defense Defense Time % Phy DF OF
1 Erik Gudbranson Alex Goligoski 40 1 2 2
2 Dalton Prout Cameron Gaunce 30 1 2 2
3 Griffin Reinhart Niklas Hansson 20 1 2 2
4 Erik Gudbranson Alex Goligoski 10 1 2 2
PowerPlay Forward
Center Left Wing Right Wing Time % Phy DF OF
1 Anze Kopitar Timo Meier Kris Versteeg 60 1 2 2
2 Miro Aaltonen Chris Bourque Kyle Okposo 40 1 2 2
PowerPlay Defense
Defense Defense Time % Phy DF OF
1 Erik Gudbranson Alex Goligoski 60 1 2 2
2 Dalton Prout Cameron Gaunce 40 1 2 2
Penalty Kill 4 Players Forward
Center Wing Time % Phy DF OF
1 Anze Kopitar Kris Versteeg 60 1 2 2
2 Kyle Okposo Alexander Semin 40 1 2 2
Penalty Kill 4 Players Defense
Defense Defense Time % Phy DF OF
1 Erik Gudbranson Niklas Hansson 60 1 2 2
2 Alex Goligoski Dalton Prout 40 1 2 2
Penalty Kill - 3 Players Forward
Forward Time % Phy DF OF
1 Anze Kopitar 60 1 2 2
2 Kris Versteeg 40 1 2 2
Penalty Kill - 3 Players Defense
Defense Defense Time % Phy DF OF
1 Erik Gudbranson Niklas Hansson 60 1 2 2
2 Alex Goligoski Dalton Prout 40 1 2 2
4 vs 4 Forward
Center Wing Time % Phy DF OF
1 Anze Kopitar Kris Versteeg 60 1 2 2
2 Miro Aaltonen Chris Bourque 40 1 2 2
4 vs 4 Defense
Defense Defense Time % Phy DF OF
1 Erik Gudbranson Alex Goligoski 60 1 2 2
2 Dalton Prout Cameron Gaunce 40 1 2 2
Last Minutes Offensive
Center Left Wing Right Wing Defense Defense
Anze Kopitar Timo Meier Kris Versteeg Erik Gudbranson Alex Goligoski
Last Minutes Defensive
Center Left Wing Right Wing Defense Defense
Anze Kopitar Alexander Semin Kris Versteeg Erik Gudbranson Niklas Hansson
Goaltenders
Starting : Jonathan Quick
Backup : Ville Husso
Extra Forwards
Normal : Elias Lindholm, Anze Kopitar, Timo Meier - PP : Alexander Semin, Timo Meier - PK : Timo Meier
Extra Defensemen
Normal : Cameron Gaunce, Griffin Reinhart, Dalton Prout - PP : Erik Gudbranson - PK : Alex Goligoski, Niklas Hansson
Penalty Shots
Alexander Semin, Kris Versteeg, Beau Bennett, Anze Kopitar, Miro Aaltonen
Scratches
None
Kings
5 vs 5 Forward
Center Left Wing Right Wing Time % Phy DF OF
1 Alexander Kerfoot Nino Niederreiter Reilly Smith 30 0 2 3
2 Auston Matthews Benoit Pouliot Ilya Kovalchuk 30 1 2 2
3 Erik Haula Nick Ritchie Mitch Marner 30 1 2 2
4 Jason Pominville Jeremy Morin JT Compher 10 1 2 2
5 vs 5 Defense
Defense Defense Time % Phy DF OF
1 Darnell Nurse Jeff Schultz 40 1 3 1
2 Ole-Kristian Tollefsen Will Butcher 40 1 3 1
3 Aaron Ekblad Morgan Rielly 15 1 3 1
4 Darnell Nurse Aaron Ekblad 5 1 3 1
PowerPlay Forward
Center Left Wing Right Wing Time % Phy DF OF
1 Alexander Kerfoot Auston Matthews Mitch Marner 55 0 1 4
2 Erik Haula Nick Ritchie Reilly Smith 45 0 1 4
PowerPlay Defense
Defense Defense Time % Phy DF OF
1 Nino Niederreiter Darnell Nurse 60 0 2 3
2 Will Butcher Jeff Schultz 40 0 3 2
Penalty Kill 4 Players Forward
Center Wing Time % Phy DF OF
1 Erik Haula Ilya Kovalchuk 60 0 4 1
2 Jeremy Morin Nino Niederreiter 40 0 4 1
Penalty Kill 4 Players Defense
Defense Defense Time % Phy DF OF
1 Darnell Nurse Aaron Ekblad 60 1 4 0
2 Jeff Schultz Ole-Kristian Tollefsen 40 1 4 0
Penalty Kill - 3 Players Forward
Forward Time % Phy DF OF
1 Jeremy Morin 60 1 2 2
2 Erik Haula 40 1 2 2
Penalty Kill - 3 Players Defense
Defense Defense Time % Phy DF OF
1 Darnell Nurse Aaron Ekblad 60 1 2 2
2 Ole-Kristian Tollefsen Jeff Schultz 40 1 2 2
4 vs 4 Forward
Center Wing Time % Phy DF OF
1 Reilly Smith Nino Niederreiter 60 1 2 2
2 Erik Haula Jason Pominville 40 1 2 2
4 vs 4 Defense
Defense Defense Time % Phy DF OF
1 Darnell Nurse Jeff Schultz 60 1 2 2
2 Ole-Kristian Tollefsen Will Butcher 40 1 2 2
Last Minutes Offensive
Center Left Wing Right Wing Defense Defense
Alexander Kerfoot Nino Niederreiter Reilly Smith Darnell Nurse Will Butcher
Last Minutes Defensive
Center Left Wing Right Wing Defense Defense
Erik Haula Nino Niederreiter Ilya Kovalchuk Darnell Nurse Jeff Schultz
Goaltenders
Starting : Petr Mrazek
Backup : Thomas McCollum
Extra Forwards
Normal : Jason Pominville, Ilya Kovalchuk, Reilly Smith - PP : JT Compher, Benoit Pouliot - PK : Jason Pominville
Extra Defensemen
Normal : Will Butcher, Darnell Nurse, Ole-Kristian Tollefsen - PP : Morgan Rielly - PK : Will Butcher, Morgan Rielly
Penalty Shots
Auston Matthews, Ilya Kovalchuk, Jeremy Morin, Nino Niederreiter, Reilly Smith
Scratches
Daultan Leveillé (Healthy), Peter Regin (Healthy)
% Time on Ice - Panthers
Lines # - Real PCT - Wanted PCT - Time Play
Normal Forward
1 - 38% - 40% - 17:46
2 - 28% - 30% - 13:22
3 - 19% - 20% - 9:09
4 - 15% - 10% - 6:52
Normal Defense
1 - 43% - 40% - 20:14
2 - 30% - 30% - 14:22
3 - 22% - 20% - 10:12
4 - 5% - 10% - 2:21
PP Forward
1 - 58% - 60% - 2:35
2 - 42% - 40% - 1:52
PP Defense
1 - 70% - 60% - 3:08
2 - 30% - 40% - 1:19
PK Forward
1 - 78% - 60% - 5:35
2 - 22% - 40% - 1:33
PK Defense
1 - 63% - 60% - 4:28
2 - 37% - 40% - 2:40
PK3 Forward
1 - 0% - 60%
2 - 0% - 40%
PK3 Defense
1 - 0% - 60%
2 - 0% - 40%
44 Forward
1 - 72% - 60% - 0:55
2 - 28% - 40% - 0:21
44 Defense
1 - 67% - 60% - 0:51
2 - 33% - 40% - 0:25
Last Minute Offensive - 0:00
Last Minute Defensive - 0:00
Total
Forward - 60:00
Defense - 60:00
|
% Time on Ice - Kings
Lines # - Real PCT - Wanted PCT - Time Play
Normal Forward
1 - 28% - 30% - 13:19
2 - 27% - 30% - 12:53
3 - 29% - 30% - 13:33
4 - 16% - 10% - 7:24
Normal Defense
1 - 38% - 40% - 17:41
2 - 41% - 40% - 19:26
3 - 21% - 15% - 9:44
4 - 1% - 5% - 0:18
PP Forward
1 - 54% - 55% - 3:49
2 - 46% - 45% - 3:19
PP Defense
1 - 61% - 60% - 4:19
2 - 39% - 40% - 2:49
PK Forward
1 - 83% - 60% - 3:42
2 - 17% - 40% - 0:45
PK Defense
1 - 73% - 60% - 3:14
2 - 27% - 40% - 1:13
PK3 Forward
1 - 0% - 60%
2 - 0% - 40%
PK3 Defense
1 - 0% - 60%
2 - 0% - 40%
44 Forward
1 - 76% - 60% - 0:58
2 - 24% - 40% - 0:18
44 Defense
1 - 88% - 60% - 1:07
2 - 12% - 40% - 0:09
Last Minute Offensive - 0:00
Last Minute Defensive - 0:00
Total
Forward - 60:00
Defense - 60:00
|
Play-by-Play
1st period
0:01 of 1st period - Alexander Kerfoot wins face-off versus Anze Kopitar in neutral zone.
0:15 of 1st period - Snap shot by Kris Versteeg.
0:15 of 1st period - Stopped by Petr Mrazek with a rebound.
2:16 of 1st period - Wrist shot by Mitch Marner.
2:16 of 1st period - Deflect By Erik Gudbranson.
2:16 of 1st period - Shot Misses the Net.
2:16 of 1st period - Puck is out of play.
2:17 of 1st period - Erik Haula wins face-off versus Anze Kopitar in Panthers zone.
2:56 of 1st period - Wrist shot by Alexander Semin.
2:56 of 1st period - Shot Misses the Net.
4:16 of 1st period - Miro Aaltonen is hit by Nino Niederreiter and loses puck.
4:55 of 1st period - Anze Kopitar is hit by Darnell Nurse and loses puck.
5:22 of 1st period - Slapshot by Jeremy Morin.
5:22 of 1st period - Shot Misses the Net.
5:59 of 1st period - Cameron Gaunce is hit by Morgan Rielly and loses puck.
6:48 of 1st period - Alex Goligoski is hit by JT Compher and loses puck.
7:07 of 1st period - Wrist shot by Quinton Howden.
7:07 of 1st period - Stopped by Petr Mrazek with a rebound.
7:25 of 1st period - Wrist shot by Miro Aaltonen.
7:25 of 1st period - Stopped by Petr Mrazek with a rebound.
8:00 of 1st period - Nick Ritchie is hit by Cameron Gaunce and loses puck.
8:33 of 1st period - Snap shot by Chris Bourque.
8:33 of 1st period - Shot Misses the Net.
8:39 of 1st period - Minor Penalty to Darnell Nurse for High sticking.
8:40 of 1st period - Erik Haula wins face-off versus Anze Kopitar in Kings zone.
8:40 of 1st period - Erik Haula is hit by Anze Kopitar.
9:14 of 1st period - Snap shot by Nino Niederreiter.
9:14 of 1st period - Stopped by Jonathan Quick without a rebound.
9:15 of 1st period - Jeremy Morin wins face-off versus Miro Aaltonen in Panthers zone.
9:40 of 1st period - Snap shot by Miro Aaltonen.
9:40 of 1st period - Shot Misses the Net.
9:42 of 1st period - Snap shot by Kyle Okposo.
9:42 of 1st period - Stopped by Petr Mrazek without a rebound.
9:43 of 1st period - Erik Haula wins face-off versus Anze Kopitar in Kings zone.
9:58 of 1st period - Slapshot by Kris Versteeg.
9:58 of 1st period - Stopped by Petr Mrazek without a rebound.
9:59 of 1st period - Erik Haula wins face-off versus Anze Kopitar in Kings zone.
10:10 of 1st period - Snap shot by Timo Meier.
10:10 of 1st period - Stopped by Petr Mrazek with a rebound.
10:12 of 1st period - Slapshot by Alex Goligoski.
10:12 of 1st period - Shot Blocked by Aaron Ekblad.
10:14 of 1st period - Slapshot by Erik Gudbranson.
10:14 of 1st period - Stopped by Petr Mrazek with a rebound.
10:39 of 1st period - Penalty to Darnell Nurse is over, Darnell Nurse is back on ice.
10:44 of 1st period - Snap shot by Nino Niederreiter.
10:44 of 1st period - Stopped by Jonathan Quick without a rebound.
10:45 of 1st period - Alexander Kerfoot wins face-off versus Miro Aaltonen in Panthers zone.
11:17 of 1st period - Backhand shot by Anze Kopitar.
11:17 of 1st period - Shot Misses the Net.
11:37 of 1st period - Slapshot by Will Butcher.
11:37 of 1st period - Stopped by Jonathan Quick without a rebound.
11:38 of 1st period - Auston Matthews wins face-off versus Miro Aaltonen in Panthers zone.
11:41 of 1st period - Snap shot by Ilya Kovalchuk.
11:41 of 1st period - Shot Misses the Net.
11:43 of 1st period - Snap shot by Ole-Kristian Tollefsen.
11:43 of 1st period - Deflect By Ilya Kovalchuk.
11:43 of 1st period - Shot Misses the Net.
11:43 of 1st period - Puck is out of play.
11:44 of 1st period - Auston Matthews wins face-off versus Miro Aaltonen in Panthers zone.
11:47 of 1st period - Wrist shot by Ilya Kovalchuk.
11:47 of 1st period - Shot Blocked by Griffin Reinhart.
11:49 of 1st period - Snap shot by Will Butcher.
11:49 of 1st period - Stopped by Jonathan Quick without a rebound.
11:50 of 1st period - Auston Matthews wins face-off versus Anze Kopitar in Panthers zone.
11:55 of 1st period - Snap shot by Ilya Kovalchuk.
11:55 of 1st period - Stopped by Jonathan Quick with a rebound.
11:57 of 1st period - Snap shot by Benoit Pouliot.
11:57 of 1st period - Shot Misses the Net.
11:59 of 1st period - Snap shot by Ilya Kovalchuk.
11:59 of 1st period - Shot Misses the Net.
12:01 of 1st period - Slapshot by Jeff Schultz.
12:01 of 1st period - Shot Blocked by Alexander Semin.
12:03 of 1st period - Slapshot by Benoit Pouliot.
12:03 of 1st period - Stopped by Jonathan Quick with a rebound.
12:05 of 1st period - Slapshot by Jeff Schultz.
12:05 of 1st period - Shot Misses the Net.
12:07 of 1st period - Snap shot by Ilya Kovalchuk.
12:07 of 1st period - Shot Misses the Net.
12:42 of 1st period - Snap shot by Reilly Smith.
12:42 of 1st period - Stopped by Jonathan Quick with a rebound.
13:10 of 1st period - Slapshot by Erik Gudbranson.
13:10 of 1st period - Stopped by Petr Mrazek with a rebound.
13:37 of 1st period - JT Compher is hit by Kris Versteeg and loses puck.
14:16 of 1st period - Wrist shot by Alex Iafallo.
14:16 of 1st period - Stopped by Petr Mrazek with a rebound.
14:56 of 1st period - Erik Haula is hit by Chris Bourque and loses puck.
15:09 of 1st period - Snap shot by Miro Aaltonen.
15:09 of 1st period - Deflect By Chris Bourque.
15:09 of 1st period - Shot Blocked by Aaron Ekblad.
15:09 of 1st period - Puck is out of play.
15:10 of 1st period - Alexander Kerfoot wins face-off versus Anze Kopitar in Kings zone.
15:34 of 1st period - Icing by Kris Versteeg.
15:35 of 1st period - Anze Kopitar wins face-off versus Auston Matthews in Panthers zone.
15:48 of 1st period - Wrist shot by Kyle Okposo.
15:48 of 1st period - Shot Blocked by Ole-Kristian Tollefsen.
15:50 of 1st period - Slapshot by Niklas Hansson.
15:50 of 1st period - Stopped by Petr Mrazek with a rebound.
16:51 of 1st period - Slapshot by Marek Svatos.
16:51 of 1st period - Stopped by Petr Mrazek with a rebound.
16:53 of 1st period - Snap shot by Dalton Prout.
16:53 of 1st period - Stopped by Petr Mrazek with a rebound.
16:55 of 1st period - Snap shot by Dalton Prout.
16:55 of 1st period - Deflect By Alex Iafallo.
16:55 of 1st period - Shot Blocked by Darnell Nurse.
16:55 of 1st period - Puck is out of play.
16:56 of 1st period - Miro Aaltonen wins face-off versus Auston Matthews in Kings zone.
17:15 of 1st period - Alex Goligoski is hit by Ilya Kovalchuk and loses puck.
17:28 of 1st period - Kris Versteeg is hit by Reilly Smith and loses puck.
17:51 of 1st period - Erik Haula is hit by Beau Bennett and loses puck.
17:58 of 1st period - Beau Bennett is hit by Nick Ritchie and loses puck.
18:11 of 1st period - Erik Gudbranson is hit by Jason Pominville and loses puck.
18:20 of 1st period - Slapshot by Jeremy Morin.
18:20 of 1st period - Stopped by Jonathan Quick with a rebound.
18:34 of 1st period - Wrist shot by Chris Bourque.
18:34 of 1st period - Deflect By Kyle Okposo.
18:34 of 1st period - Stopped by Petr Mrazek with a rebound.
18:36 of 1st period - Backhand shot by Kyle Okposo.
18:36 of 1st period - Goal by Kyle Okposo - Panthers : 1 - Kings : 0.
18:37 of 1st period - Auston Matthews wins face-off versus Anze Kopitar in neutral zone.
18:40 of 1st period - Auston Matthews is hit by Anze Kopitar and loses puck.
18:47 of 1st period - Snap shot by Anze Kopitar.
18:47 of 1st period - Shot Blocked by Jeff Schultz.
Goals for this period are 1 for Panthers vs 0 for Kings.
Shots for this period are 14 for Panthers vs 8 for Kings.
2nd period
0:01 of 2nd period - Anze Kopitar wins face-off versus Alexander Kerfoot in neutral zone.
0:26 of 2nd period - Erik Gudbranson is hit by Will Butcher and loses puck.
0:31 of 2nd period - Slapshot by Benoit Pouliot.
0:31 of 2nd period - Deflect By Ilya Kovalchuk.
0:31 of 2nd period - Shot Misses the Net.
0:31 of 2nd period - Puck is out of play.
0:32 of 2nd period - Anze Kopitar wins face-off versus Auston Matthews in Panthers zone.
0:43 of 2nd period - Slapshot by Ilya Kovalchuk.
0:43 of 2nd period - Stopped by Jonathan Quick with a rebound.
0:45 of 2nd period - Snap shot by Ilya Kovalchuk.
0:45 of 2nd period - Stopped by Jonathan Quick without a rebound.
0:46 of 2nd period - Alexander Kerfoot wins face-off versus Anze Kopitar in Panthers zone.
0:47 of 2nd period - Wrist shot by Nino Niederreiter.
0:47 of 2nd period - Stopped by Jonathan Quick with a rebound.
1:28 of 2nd period - Icing by Erik Gudbranson.
1:29 of 2nd period - Anze Kopitar wins face-off versus Erik Haula in Panthers zone.
1:43 of 2nd period - Snap shot by Mitch Marner.
1:43 of 2nd period - Stopped by Jonathan Quick with a rebound.
2:33 of 2nd period - Timo Meier is hit by Aaron Ekblad and loses puck.
3:02 of 2nd period - Wrist shot by Elias Lindholm.
3:02 of 2nd period - Shot Hit the Post.
3:04 of 2nd period - Snap shot by Cameron Gaunce.
3:04 of 2nd period - Stopped by Petr Mrazek without a rebound.
3:05 of 2nd period - Alexander Kerfoot wins face-off versus Miro Aaltonen in Kings zone.
3:11 of 2nd period - Off-side.
3:12 of 2nd period - Miro Aaltonen wins face-off versus Alexander Kerfoot in neutral zone.
3:27 of 2nd period - Slapshot by Darnell Nurse.
3:27 of 2nd period - Shot Blocked by Kyle Okposo.
3:29 of 2nd period - Slapshot by Darnell Nurse.
3:29 of 2nd period - Deflect By Reilly Smith.
3:29 of 2nd period - Stopped by Jonathan Quick without a rebound.
3:30 of 2nd period - Anze Kopitar wins face-off versus Erik Haula in Panthers zone.
4:16 of 2nd period - Icing by Kyle Okposo.
4:17 of 2nd period - Miro Aaltonen wins face-off versus Alexander Kerfoot in Panthers zone.
4:26 of 2nd period - Snap shot by Kris Versteeg.
4:26 of 2nd period - Stopped by Petr Mrazek without a rebound.
4:27 of 2nd period - Anze Kopitar wins face-off versus Erik Haula in Kings zone.
5:03 of 2nd period - Snap shot by Nick Ritchie.
5:03 of 2nd period - Stopped by Jonathan Quick with a rebound.
5:05 of 2nd period - Wrist shot by Will Butcher.
5:05 of 2nd period - Shot Misses the Net.
5:27 of 2nd period - Snap shot by Mitch Marner.
5:27 of 2nd period - Goal by Mitch Marner - Panthers : 1 - Kings : 1.
5:28 of 2nd period - Miro Aaltonen wins face-off versus Auston Matthews in neutral zone.
6:37 of 2nd period - Slapshot by Ole-Kristian Tollefsen.
6:37 of 2nd period - Shot Blocked by Alex Goligoski.
6:39 of 2nd period - Slapshot by Will Butcher.
6:39 of 2nd period - Stopped by Jonathan Quick without a rebound.
6:40 of 2nd period - Erik Haula wins face-off versus Anze Kopitar in Panthers zone.
6:52 of 2nd period - Minor Penalty to Anze Kopitar for High sticking.
6:53 of 2nd period - Timo Meier wins face-off versus Alexander Kerfoot in Panthers zone.
7:19 of 2nd period - Niklas Hansson is hit by Erik Haula and loses puck.
8:52 of 2nd period - Penalty to Anze Kopitar is over, Anze Kopitar is back on ice.
9:05 of 2nd period - Snap shot by Anze Kopitar.
9:05 of 2nd period - Shot Misses the Net.
9:33 of 2nd period - Wrist shot by Anze Kopitar.
9:33 of 2nd period - Stopped by Petr Mrazek without a rebound.
9:34 of 2nd period - Miro Aaltonen wins face-off versus Auston Matthews in Kings zone.
9:47 of 2nd period - Slapshot by Kyle Okposo.
9:47 of 2nd period - Stopped by Petr Mrazek without a rebound.
9:48 of 2nd period - Alexander Kerfoot wins face-off versus Miro Aaltonen in Kings zone.
10:15 of 2nd period - Elias Lindholm is hit by Darnell Nurse and loses puck.
10:42 of 2nd period - Wrist shot by Beau Bennett.
10:42 of 2nd period - Stopped by Petr Mrazek with a rebound.
10:54 of 2nd period - Will Butcher is hit by Kris Versteeg and loses puck.
11:09 of 2nd period - Dalton Prout is hit by Will Butcher and loses puck.
11:57 of 2nd period - Snap shot by Benoit Pouliot.
11:57 of 2nd period - Shot Misses the Net.
11:59 of 2nd period - Snap shot by Auston Matthews.
11:59 of 2nd period - Stopped by Jonathan Quick without a rebound.
12:00 of 2nd period - Alexander Kerfoot wins face-off versus Anze Kopitar in Panthers zone.
12:07 of 2nd period - Slapshot by Reilly Smith.
12:07 of 2nd period - Shot Misses the Net.
12:47 of 2nd period - Ilya Kovalchuk is hit by Miro Aaltonen and loses puck.
12:54 of 2nd period - Snap shot by Miro Aaltonen.
12:54 of 2nd period - Stopped by Petr Mrazek without a rebound.
12:55 of 2nd period - Nino Niederreiter wins face-off versus Anze Kopitar in Kings zone.
12:55 of 2nd period - Nino Niederreiter is hit by Alexander Semin.
13:01 of 2nd period - Kris Versteeg is hit by Reilly Smith and loses puck.
13:18 of 2nd period - Minor Penalty to Cameron Gaunce for Hooking.
13:19 of 2nd period - Anze Kopitar wins face-off versus Alexander Kerfoot in Panthers zone.
15:09 of 2nd period - Alex Iafallo is hit by Auston Matthews.
15:18 of 2nd period - Penalty to Cameron Gaunce is over, Cameron Gaunce is back on ice.
15:34 of 2nd period - Wrist shot by Beau Bennett.
15:34 of 2nd period - Stopped by Petr Mrazek with a rebound.
15:36 of 2nd period - Slapshot by Cameron Gaunce.
15:36 of 2nd period - Shot Misses the Net.
15:51 of 2nd period - Aaron Ekblad is hit by Cameron Gaunce and loses puck.
15:56 of 2nd period - Wrist shot by Marek Svatos.
15:56 of 2nd period - Shot Misses the Net.
16:08 of 2nd period - Aaron Ekblad is hit by Miro Aaltonen and loses puck.
16:15 of 2nd period - Snap shot by Chris Bourque.
16:15 of 2nd period - Stopped by Petr Mrazek with a rebound.
16:17 of 2nd period - Snap shot by Cameron Gaunce.
16:17 of 2nd period - Goal by Cameron Gaunce - Panthers : 2 - Kings : 1.
16:18 of 2nd period - Anze Kopitar wins face-off versus Erik Haula in neutral zone.
16:35 of 2nd period - Wrist shot by Anze Kopitar.
16:35 of 2nd period - Goal by Anze Kopitar - Panthers : 3 - Kings : 1.
16:36 of 2nd period - Anze Kopitar wins face-off versus Alexander Kerfoot in neutral zone.
16:41 of 2nd period - Wrist shot by Kris Versteeg.
16:41 of 2nd period - Shot Misses the Net.
16:51 of 2nd period - Snap shot by Alexander Kerfoot.
16:51 of 2nd period - Stopped by Jonathan Quick without a rebound.
16:52 of 2nd period - Erik Haula wins face-off versus Miro Aaltonen in Panthers zone.
16:57 of 2nd period - Snap shot by Erik Haula.
16:57 of 2nd period - Stopped by Jonathan Quick without a rebound.
16:58 of 2nd period - Erik Haula wins face-off versus Miro Aaltonen in Panthers zone.
18:10 of 2nd period - Kyle Okposo is hit by Ole-Kristian Tollefsen and loses puck.
18:25 of 2nd period - Slapshot by Ilya Kovalchuk.
18:25 of 2nd period - Stopped by Jonathan Quick with a rebound.
18:27 of 2nd period - Slapshot by Ole-Kristian Tollefsen.
18:27 of 2nd period - Shot Hit the Post.
18:29 of 2nd period - Snap shot by Ole-Kristian Tollefsen.
18:29 of 2nd period - Shot Blocked by Dalton Prout.
18:31 of 2nd period - Snap shot by Ilya Kovalchuk.
18:31 of 2nd period - Deflect By Benoit Pouliot.
18:31 of 2nd period - Shot Blocked by Chris Bourque.
18:31 of 2nd period - Puck is out of play.
18:32 of 2nd period - Anze Kopitar wins face-off versus Nick Ritchie in Panthers zone.
18:39 of 2nd period - Snap shot by Anze Kopitar.
18:39 of 2nd period - Shot Blocked by Nick Ritchie.
18:59 of 2nd period - Darnell Nurse is hit by Alex Iafallo and loses puck.
19:10 of 2nd period - Backhand shot by Elias Lindholm.
19:10 of 2nd period - Shot Misses the Net.
19:28 of 2nd period - Aaron Ekblad is hit by Beau Bennett and loses puck.
Goals for this period are 2 for Panthers vs 1 for Kings.
Shots for this period are 10 for Panthers vs 12 for Kings.
3rd period
0:01 of 3rd period - Alexander Kerfoot wins face-off versus Anze Kopitar in neutral zone.
1:39 of 3rd period - Snap shot by Kris Versteeg.
1:39 of 3rd period - Shot Blocked by Will Butcher.
1:58 of 3rd period - Nick Ritchie is hit by Kyle Okposo.
2:11 of 3rd period - Minor Penalty to Ilya Kovalchuk for High sticking.
2:12 of 3rd period - Timo Meier wins face-off versus Erik Haula in Kings zone.
2:26 of 3rd period - Snap shot by Erik Haula.
2:26 of 3rd period - Stopped by Jonathan Quick with a rebound.
4:11 of 3rd period - Penalty to Ilya Kovalchuk is over, Ilya Kovalchuk is back on ice.
5:03 of 3rd period - Minor Penalty to Alexander Semin for Holding Stick.
5:04 of 3rd period - Alexander Kerfoot wins face-off versus Anze Kopitar in Panthers zone.
6:57 of 3rd period - Niklas Hansson is hit by Mitch Marner and loses puck.
7:03 of 3rd period - Penalty to Alexander Semin is over, Alexander Semin is back on ice.
7:11 of 3rd period - Off-side.
7:12 of 3rd period - Miro Aaltonen wins face-off versus Jason Pominville in neutral zone.
7:17 of 3rd period - Snap shot by Chris Bourque.
7:17 of 3rd period - Shot Misses the Net.
7:23 of 3rd period - Snap shot by Chris Bourque.
7:23 of 3rd period - Shot Misses the Net.
7:25 of 3rd period - Slapshot by Miro Aaltonen.
7:25 of 3rd period - Stopped by Petr Mrazek without a rebound.
7:26 of 3rd period - Benoit Pouliot wins face-off versus Anze Kopitar in Kings zone.
7:37 of 3rd period - Snap shot by Benoit Pouliot.
7:37 of 3rd period - Goal by Benoit Pouliot - Panthers : 3 - Kings : 2.
7:38 of 3rd period - Ilya Kovalchuk wins face-off versus Anze Kopitar in neutral zone.
8:15 of 3rd period - Wrist shot by Erik Haula.
8:15 of 3rd period - Shot Misses the Net.
8:31 of 3rd period - Wrist shot by Chris Bourque.
8:31 of 3rd period - Stopped by Petr Mrazek with a rebound.
8:42 of 3rd period - Darnell Nurse is hit by Alex Goligoski and loses puck.
8:55 of 3rd period - Snap shot by Beau Bennett.
8:55 of 3rd period - Shot Misses the Net.
9:23 of 3rd period - Wrist shot by Auston Matthews.
9:23 of 3rd period - Shot Misses the Net.
9:25 of 3rd period - Slapshot by Ilya Kovalchuk.
9:25 of 3rd period - Goal by Ilya Kovalchuk - Panthers : 3 - Kings : 3.
9:26 of 3rd period - Alexander Kerfoot wins face-off versus Anze Kopitar in neutral zone.
9:53 of 3rd period - Dalton Prout is hit by Ilya Kovalchuk.
10:15 of 3rd period - Snap shot by Marek Svatos.
10:15 of 3rd period - Shot Misses the Net.
10:17 of 3rd period - Snap shot by Griffin Reinhart.
10:17 of 3rd period - Stopped by Petr Mrazek without a rebound.
10:18 of 3rd period - Elias Lindholm wins face-off versus Nick Ritchie in Kings zone.
10:46 of 3rd period - Marek Svatos is hit by Nick Ritchie and loses puck.
11:05 of 3rd period - Wrist shot by Nick Ritchie.
11:05 of 3rd period - Deflect By Mitch Marner.
11:05 of 3rd period - Stopped by Jonathan Quick without a rebound.
11:06 of 3rd period - Alexander Kerfoot wins face-off versus Kris Versteeg in Panthers zone.
11:23 of 3rd period - Wrist shot by Reilly Smith.
11:23 of 3rd period - Stopped by Jonathan Quick with a rebound.
11:43 of 3rd period - Slapshot by Morgan Rielly.
11:43 of 3rd period - Stopped by Jonathan Quick with a rebound.
11:45 of 3rd period - Minor Penalty to Miro Aaltonen for Hooking.
11:46 of 3rd period - Anze Kopitar wins face-off versus Alexander Kerfoot in Panthers zone.
12:14 of 3rd period - Icing by Nick Ritchie.
12:15 of 3rd period - Kyle Okposo wins face-off versus Erik Haula in Kings zone.
12:26 of 3rd period - Snap shot by Alexander Semin.
12:26 of 3rd period - Shot Misses the Net.
12:28 of 3rd period - Minor Penalty to Nick Ritchie for Hooking.
12:29 of 3rd period - Anze Kopitar wins face-off versus Reilly Smith in Kings zone.
12:36 of 3rd period - Wrist shot by Kris Versteeg.
12:36 of 3rd period - Shot Misses the Net.
12:55 of 3rd period - Icing by Kris Versteeg.
12:56 of 3rd period - Reilly Smith wins face-off versus Anze Kopitar in Panthers zone.
13:35 of 3rd period - Snap shot by Jason Pominville.
13:35 of 3rd period - Stopped by Jonathan Quick without a rebound.
13:36 of 3rd period - Elias Lindholm wins face-off versus Erik Haula in Panthers zone.
13:43 of 3rd period - Snap shot by Erik Haula.
13:43 of 3rd period - Stopped by Jonathan Quick without a rebound.
13:44 of 3rd period - Reilly Smith wins face-off versus Anze Kopitar in Panthers zone.
13:45 of 3rd period - Penalty to Miro Aaltonen is over, Miro Aaltonen is back on ice.
13:57 of 3rd period - Off-side.
13:58 of 3rd period - Anze Kopitar wins face-off versus Erik Haula in neutral zone.
14:11 of 3rd period - Wrist shot by Kris Versteeg.
14:11 of 3rd period - Shot Misses the Net.
14:13 of 3rd period - Slapshot by Alex Goligoski.
14:13 of 3rd period - Goal by Alex Goligoski - Panthers : 4 - Kings : 3.
14:14 of 3rd period - Ilya Kovalchuk wins face-off versus Anze Kopitar in neutral zone.
14:17 of 3rd period - Snap shot by Benoit Pouliot.
14:17 of 3rd period - Stopped by Jonathan Quick with a rebound.
14:37 of 3rd period - Minor Penalty to Erik Gudbranson for Interference.
14:38 of 3rd period - Alexander Kerfoot wins face-off versus Anze Kopitar in Panthers zone.
14:53 of 3rd period - Slapshot by Mitch Marner.
14:53 of 3rd period - Stopped by Jonathan Quick without a rebound.
14:54 of 3rd period - Erik Haula wins face-off versus Anze Kopitar in Panthers zone.
14:55 of 3rd period - Wrist shot by Nick Ritchie.
14:55 of 3rd period - Shot Misses the Net.
14:57 of 3rd period - Snap shot by Reilly Smith.
14:57 of 3rd period - Shot Misses the Net.
14:59 of 3rd period - Slapshot by Nino Niederreiter.
14:59 of 3rd period - Deflect By Nick Ritchie.
14:59 of 3rd period - Stopped by Jonathan Quick with a rebound.
15:01 of 3rd period - Slapshot by Nino Niederreiter.
15:01 of 3rd period - Stopped by Jonathan Quick with a rebound.
15:03 of 3rd period - Snap shot by Nick Ritchie.
15:03 of 3rd period - Shot Misses the Net.
15:05 of 3rd period - Snap shot by Reilly Smith.
15:05 of 3rd period - Goal by Reilly Smith - Panthers : 4 - Kings : 4.
15:06 of 3rd period - Quinton Howden wins face-off versus Erik Haula in neutral zone.
15:09 of 3rd period - Nick Ritchie is hit by Beau Bennett and loses puck.
15:20 of 3rd period - Snap shot by Mitch Marner.
15:20 of 3rd period - Shot Misses the Net.
15:22 of 3rd period - Snap shot by Nick Ritchie.
15:22 of 3rd period - Shot Misses the Net.
15:37 of 3rd period - Slapshot by Beau Bennett.
15:37 of 3rd period - Stopped by Petr Mrazek with a rebound.
16:19 of 3rd period - Slapshot by Dalton Prout.
16:19 of 3rd period - Stopped by Petr Mrazek with a rebound.
16:21 of 3rd period - Wrist shot by Alexander Semin.
16:21 of 3rd period - Stopped by Petr Mrazek without a rebound.
16:22 of 3rd period - Erik Haula wins face-off versus Anze Kopitar in Kings zone.
16:29 of 3rd period - Snap shot by Mitch Marner.
16:29 of 3rd period - Stopped by Jonathan Quick with a rebound.
16:31 of 3rd period - Slapshot by Morgan Rielly.
16:31 of 3rd period - Stopped by Jonathan Quick without a rebound.
16:32 of 3rd period - Anze Kopitar wins face-off versus Erik Haula in Panthers zone.
16:32 of 3rd period - Anze Kopitar is hit by Mitch Marner.
16:38 of 3rd period - Erik Haula is hit by Alex Goligoski and loses puck.
17:09 of 3rd period - Wrist shot by Erik Haula.
17:09 of 3rd period - Stopped by Jonathan Quick with a rebound.
17:11 of 3rd period - Wrist shot by Mitch Marner.
17:11 of 3rd period - Goal by Mitch Marner - Panthers : 4 - Kings : 5.
17:12 of 3rd period - Quinton Howden wins face-off versus Alexander Kerfoot in neutral zone.
17:15 of 3rd period - Darnell Nurse is hit by Timo Meier and loses puck.
17:38 of 3rd period - Jeff Schultz is hit by Erik Gudbranson and loses puck.
18:10 of 3rd period - Slapshot by Dalton Prout.
18:10 of 3rd period - Shot Blocked by Auston Matthews.
18:34 of 3rd period - Snap shot by Ilya Kovalchuk.
18:34 of 3rd period - Goal by Ilya Kovalchuk - Panthers : 4 - Kings : 6.
18:35 of 3rd period - Quinton Howden wins face-off versus Erik Haula in neutral zone.
Goals for this period are 1 for Panthers vs 5 for Kings.
Shots for this period are 7 for Panthers vs 18 for Kings.